 Dungeon Crawl Stone Soup version 0.27.1-33-g824d729ab1 (webtiles) character file.

Game seed: 12344960093537342342

476 MisterFreud the Fighter (level 6, 0/61 HPs)
             Began as a Minotaur Abyssal Knight on Dec 23, 2021.
             Was a Believer of Lugonu.
             Slain by Natasha (1 damage)
             ... on level 4 of the Dungeon.
             The game lasted 00:04:10 (3526 turns).

MisterFreud the Fighter (Minotaur Abyssal Knight)   Turns: 3526, Time: 00:04:10

Health: 0/61       AC:  4    Str: 18      XL:     6   Next: 84%
Magic:  6/6        EV: 11    Int:  8 (9)  God:    Lugonu [**....]
Gold:   251        SH:  6    Dex: 10      Spells: 5/5 levels left

rFire    . . .     SeeInvis .   a - +1 falchion
rCold    . . .     Faith    .   j - +2 buckler
rNeg     . . .     Spirit   .   b - +0 leather armour
rPois    .         Reflect  .   f - +1 hat
rElec    .         Harm     .   (no cloak)
rCorr    .         Rampage  .   (no gloves)
Will     .....                  (no boots)
Stlth    +.........             (no amulet)
HPRegen  0.20/turn              (no ring)
MPRegen  0.10/turn              (no ring)

@: flying, hasted, very quick
A: horns 2, retaliatory headbutt, deterioration 1, MP-powered wands
a: Renounce Religion, Depart the Abyss, Bend Space


You were on level 4 of the Dungeon.
You worshipped Lugonu.
Lugonu was pleased with you.
You visited 1 branch of the dungeon, and saw 4 of its levels.
You visited the Abyss 1 time.

You collected 251 gold pieces.

Inventory:

Hand Weapons
 a - a +1 falchion (weapon)
Missiles
 h - 3 boomerangs of dispersal
 k - 2 boomerangs
 o - 23 poisoned darts (quivered)
Armour
 b - a +0 leather armour (worn)
 f - a +1 hat (worn)
 j - a +2 buckler (worn)
Scrolls
 d - a scroll of magic mapping {unknown}
 i - a scroll of enchant weapon {unknown}
 m - a scroll of fear {unknown}
 q - 2 scrolls of identify {unknown}
 s - a scroll of enchant armour {unknown}
Potions
 g - a potion of curing {unknown}
 l - a potion of mutation
 n - a potion of berserk rage {unknown}
 p - a potion of flight
 r - a potion of brilliance {unknown}
 t - a potion of ambrosia {unknown}
 u - a potion of lignification {unknown}


   Skills:
 - Level 8.0 Fighting
 + Level 3.5 Long Blades
 - Level 2.4 Armour
 - Level 1.1 Dodging
 - Level 4.0 Shields
 - Level 1.7 Invocations


You had 5 spell levels left.
You didn't know any spells.
Your spell library contained the following spells:

 Spells                   Type           Power      Damage    Failure   Level
 Sublimation of Blood     Necr           0%         N/A       61%         2
 Wereblood                Tmut           0%         N/A       61%         2
 Summon Hydra             Summ           0%         N/A       100%        7


Dungeon Overview and Level Annotations

Branches:
Dungeon (4/15)
 Temple: D:4-7

Altars:

Shops:
D:4 [

Annotations:
D:4 Natasha


Innate Abilities, Weirdness & Mutations

You have a pair of horns on your head.
You reflexively headbutt those who attack you in melee.
Your body sometimes deteriorates upon taking damage.
You expend magic power (3 MP) to strengthen your wands.


Message History

You resist with some effort.
The orc priest miscasts a cantrip.
Your life force feels restored.
Your Long Blades skill increases to level 3!
You closely miss the crimson imp. Your headbutt misses the crimson imp.
The crimson imp blinks!
You hit the orc priest.
The orc priest is heavily wounded.
The orc priest calls down the wrath of Beogh upon you.
Beogh smites you!
* * * LOW HITPOINT WARNING * * *
You hit the orc priest but do no damage.
Your headbutt misses the orc priest.
The orc priest is heavily wounded.
The orc priest hits you with a +0 war axe.
* * * LOW HITPOINT WARNING * * *
The crimson imp blinks!
You closely miss the orc priest. You headbutt the orc priest.
The orc priest is almost dead.
The orc priest hits you but does no damage.
You hit the orc priest.
You kill the orc priest!
Lugonu accepts your kill.
Natasha stares at you and mumbles some strange words.
The magic dart hits you.
* * * LOW HITPOINT WARNING * * *
Unknown command.
It was a potion of haste.
You feel yourself speed up.
The crimson imp disappears in a puff of smoke!
You hit Natasha.
Natasha is lightly wounded.
Natasha claws you.
* * * LOW HITPOINT WARNING * * *
An endoplasm comes into view.
You barely miss Natasha.
The endoplasm quivers.
Your headbutt misses Natasha.
Natasha is lightly wounded.
Natasha claws you.
You die...

### #.... ...# #.# #..... #####
...# . #.# #.....##.#.## #.... .
##.# #.....#..†..## #..... # #..#
#...#.....#..##...... # #..#
#...#.#.####..#.....( ###..#
#...###..#........... ##...#
..#...##...........####
#....##.##.##.∩.@h..##.........#
.....# .....#...##...............
.###.###..###..###.....J.....K##.
.##..#......#.......#...........
.....##.##.###......#............
.............##..................
.................................
.....###............#.......
...#......#.#......##....##.


You could see Natasha and an endoplasm.

Vanquished Creatures
  A necrophage (D:3)
  An ogre (D:4)
  5 orc priests
  Natasha (D:4)
  An orc wizard (D:4)
  5 adders
  A worm (D:2)
  3 orcs (D:4)
  3 ball pythons
  7 endoplasms
  3 giant cockroaches
  8 goblins
  4 hobgoblins
  2 jackals (D:2)
  6 kobolds
  5 quokkas
  5 bats
  A frilled lizard (D:1)
  11 rats
73 creatures vanquished.

Notes
Turn   | Place    | Note
-------+----------+-------------------------------------------
     0 | Abyss:1  | MisterFreud the Minotaur Abyssal Knight began the quest for
                  | the Orb.
     0 | Abyss:1  | Reached XP level 1. HP: 19/19 MP: 1/1
    77 | Abyss:1  | Noticed a small abomination
    78 | D:1      | Escaped the Abyss
   120 | D:1      | Reached skill level 4 in Fighting
   226 | D:1      | Reached XP level 2. HP: 28/28 MP: 2/2
   256 | D:1      | Reached * piety under Lugonu
   555 | D:1      | Reached skill level 5 in Fighting
   818 | D:1      | Reached XP level 3. HP: 36/36 MP: 3/3
  1209 | D:1      | Found a faded altar of an unknown god.
  1608 | D:2      | Reached skill level 1 in Shields
  1704 | D:2      | Reached XP level 4. HP: 40/44 MP: 4/4
  2519 | D:3      | Reached ** piety under Lugonu
  2520 | D:3      | Reached skill level 6 in Fighting
  2931 | D:3      | Reached XP level 5. HP: 47/50 MP: 5/5
  2932 | D:4      | Noticed a necrophage
  2943 | D:3      | Killed a necrophage
  3066 | D:4      | Reached skill level 7 in Fighting
  3066 | D:4      | Reached XP level 6. HP: 28/60 MP: 6/6
  3275 | D:4      | Found Qaecel's Armour Emporium.
  3297 | D:4      | Noticed Natasha
  3307 | D:4      | Killed Natasha
  3507 | D:4      | Gained mutation: Your body sometimes deteriorates upon
                  | taking damage. [potion of mutation]
  3507 | D:4      | Gained mutation: You expend magic power (3 MP) to
                  | strengthen your wands. [potion of mutation]
  3512 | D:4      | Noticed Natasha
  3516 | D:4      | Reached skill level 8 in Fighting
  3525 | D:4      | HP: 1/61 [Natasha (5)]
  3526 | D:4      | Slain by Natasha

Illustrated notes

Levels and vault maps discovered:
D:1:      mrwooster_arrival_statue_3, layout_loops_ring,
          dreamdust_ecumenical_altar_angels_and_demons, minmay_rat_gold_closets
D:2:      layout_basic, serial_rivers, chequers_serial_rivers_small_3,
          chequers_serial_rivers_micro_e, chequers_serial_rivers_micro_d,
          chequers_serial_rivers_small_3, chequers_serial_rivers_micro_b
D:3:      layout_rooms, chequers_decorated_corner, kennysheep_generic_room_4
D:4:      layout_cave_pools, minmay_temple_entry_mist, serial_shops, shop,
          minmay_misc_feat_alley, minmay_door_square, uniq_natasha,
          uniq_eustachio

Skill      XL: |  1  2  3  4  5  6 |
---------------+-------------------+-----
Fighting       | 4 5 6 7 8 |  8.0
Shields        | 1 2 4 |  4.0
Long Blades    | 3 |  3.5
Armour         | |  2.4
Dodging        | |  1.1
Invocations    | |  1.7

Action                   |  1- 3 |  4- 6 || total
-------------------------+-------+-------++-------
Melee: Falchion          |    87 |    75 ||   162
       Headbutt          |    16 |    18 ||    34
Throw: Dart              |       |     2 ||     2
Invok: Depart the Abyss  |     1 |       ||     1
  Use: Potion            |       |     4 ||     4
Armor: Leather armour    |    27 |    16 ||    43
Dodge: Dodged            |    67 |    35 ||   102
Block: Buckler           |       |    17 ||    17
       Rpst.: Falchion   |    17 |    15 ||    32
